 Dungeon Crawl Stone Soup version 0.20-a0-1089-g3fde505 (webtiles) character file.

695 Alarkh the Chopper (level 7, -8/52 HPs)
             Began as a Demonspawn Monk on May 2, 2017.
             Was a Believer of Okawaru.
             Mangled by Duvessa
             ... wielding a +0 short sword
              (11 damage)
             ... on level 4 of the Dungeon.
             The game lasted 00:05:41 (7024 turns).

Alarkh the Chopper (Demonspawn Monk)                Turns: 7024, Time: 00:05:42

Health: -8/52      AC:  8    Str:  8 (11) XL:     7   Next: 37%
Magic:  6/7        EV: 12    Int: 10 (13) God:    Okawaru [**....]
Gold:   241        SH:  0    Dex: 14 (16) Spells: 6/6 levels left

rFire    + . .     SeeInvis .   a - +0 war axe
rCold    + . .     Gourm    .   (no shield)
rNeg     . . .     Faith    .   i - +3 leather armour
rPois    +         Spirit   .   (no helmet)
rElec    +         Reflect  .   (no cloak)
rCorr    +         Harm     .   (no gloves)
MR       .....                  (no boots)
Stlth    +++++.....             (no amulet)
Regen    0.2/turn               (no ring)
MPRegen  0.1/turn               (no ring)

@: resistant, very slightly contaminated
A: claws 2, iridescent scales 1, nightstalker 3
a: Heroism, Renounce Religion


You were on level 4 of the Dungeon.
You worshipped Okawaru.
Okawaru was pleased with you.
You were not hungry.

You visited 2 branches of the dungeon, and saw 5 of its levels.

You collected 241 gold pieces.

Inventory:

Hand Weapons
 a - a +0 war axe (weapon)
 k - a +0 hand axe
Armour
 b - a +1 robe
 i - a +3 leather armour (worn)
Scrolls
 e - 2 scrolls of identify
 l - a scroll of random uselessness
 n - 2 scrolls of enchant armour
 p - a scroll of magic mapping
Potions
 d - 3 potions of brilliance
 f - 2 potions of curing
Comestibles
 c - 2 bread rations
 h - 4 meat rations
 o - 4 fruits
 r - 3 chunks of flesh


   Skills:
 + Level 3.1 Fighting
 * Level 7.8 Axes
 + Level 0.3 Armour
 + Level 2.8 Dodging
 - Level 1.7 Stealth
 + Level 0.3 Invocations


You had 6 spell levels left.
You didn't know any spells.

Dungeon Overview and Level Annotations

Branches:
Dungeon (4/15)             Temple (1/1) D:4

Altars:
Ashenzari
Cheibriados
Dithmenos
Elyvilon
Fedhas
Gozag
Kikubaaqudgha
Makhleb
Nemelex Xobeh
Okawaru
Qazlal
Ru
Sif Muna
Trog
Vehumet
Wu Jian
Xom
Yredelemnul
Zin

Shops:
D:4 %

Annotations:
D:4 Duvessa


Innate Abilities, Weirdness & Mutations

You have very sharp fingernails.
You are partially covered in iridescent scales. (AC +2)
You are completely attuned to the shadows.


Message History

Press: ? - help, Dir - move target cursor You are very lightly contaminated with residual magic.
As you read the scroll labeled ICADET AMUV, it crumbles to dust.
It was a scroll of blinking.
Duvessa rages.
As you read the scroll labeled VIOTTYAGOFF, it crumbles to dust.
It is a scroll of enchant armour.
Your +0 robe glows green for a moment.
Duvessa hits you with a short sword.
* * * LOW HITPOINT WARNING * * *
Duvessa misses you.
As you read the scroll labeled REPPIU LOMU, it crumbles to dust.
You feel aware of your surroundings.
It was a scroll of magic mapping.
Duvessa hits you with a short sword.
* * * LOW HITPOINT WARNING * * *
As you read the scroll labeled ARGHODDUSCHURAO, it crumbles to dust.
The creatures around you are filled with an inner flame!
It was a scroll of immolation.
Duvessa hits you with a short sword.
* * * LOW HITPOINT WARNING * * *
Duvessa hits you with a short sword!
You die...

****** #.#,* *,,*** ,,,,,* #.#,#
*,,**, ****,*
#.#.#*********,,**, #.##*
#...#,,,,,,,,,,,**, #...#
#.)<#,*********,**, #...#
#...#,#,,,*,,,,,,,, ####...#
#...#.#,*,*,***,***
.......########.e.#.#,,,,,,,*,*
.............##.@....,,,*,*,*,*
.#...#.#####.##...####.**,*,*,*
[#.###..###............**,*,*,*
..............#...#####**,*,,,*
รท#.####..##..........,,,,,*****
.#.# *#.##...#.#################
.#.# *..#...#..................
.#.# *#.#...###################
.#.# #.#...#


You could see Duvessa (berserk).

Vanquished Creatures
  An ogre (D:4)
  Dowan (D:4)
  A scorpion (D:4)
  A hound (D:4)
  An orc wizard (D:3)
  Jessica (D:2)
  Ijyb (D:3)
  An iguana (D:4)
  4 worker ants (D:4)
  9 adders
  9 gnolls
  5 worms
  3 dart slugs
  A leopard gecko (D:1)
  7 orcs (D:3)
  7 bats
  2 giant cockroaches
  9 goblins
  9 hobgoblins
  7 jackals
  12 kobolds
  A quokka (D:3)
  12 frilled lizards
  A quokka skeleton (D:4)
  11 rats
117 creatures vanquished.

Notes
Turn   | Place    | Note
-------+----------+-------------------------------------------
     0 | D:1      | Alarkh the Demonspawn Monk began the quest for the Orb.
     0 | D:1      | Reached XP level 1. HP: 18/18 MP: 1/1
   131 | D:1      | Reached skill level 3 in Axes
   430 | D:1      | Gained mutation: You are slightly more attuned to the shadows. [demonic ancestry]
   430 | D:1      | Reached XP level 2. HP: 22/24 MP: 2/2
  1046 | D:1      | Gained mutation: You have sharp fingernails. [demonic ancestry]
  1046 | D:1      | Reached XP level 3. HP: 29/29 MP: 3/3
  1318 | D:2      | Reached skill level 4 in Axes
  1540 | D:2      | Noticed Jessica
  1550 | D:2      | Killed Jessica
  1550 | D:2      | Gained mutation: You are significantly more attuned to the shadows. [demonic ancestry]
  1550 | D:2      | Reached XP level 4. HP: 22/35 MP: 4/4
  2106 | D:1      | Reached skill level 5 in Axes
  3012 | D:2      | Gained mutation: You have very sharp fingernails. [demonic ancestry]
  3012 | D:2      | Reached XP level 5. HP: 36/41 MP: 5/5
  3518 | D:3      | Noticed Ijyb
  3563 | D:3      | Killed Ijyb
  3900 | D:2      | Reached skill level 6 in Axes
  4061 | D:3      | Found a snail-covered altar of Cheibriados.
  4519 | D:3      | Gained mutation: You are partially covered in iridescent scales. (AC +2) [demonic ancestry]
  4519 | D:3      | Reached XP level 6. HP: 47/47 MP: 6/6
  5432 | D:4      | Found a staircase to the Ecumenical Temple.
  5442 | Temple   | Entered the Ecumenical Temple
  5656 | Temple   | Became a worshipper of Warmaster Okawaru
  5656 | Temple   | Reached * piety under Okawaru
  5656 | Temple   | Reached ** piety under Okawaru
  5934 | D:4      | Found Etoxen's Food Shoppe.
  5958 | D:4      | Reached skill level 7 in Axes
  6326 | D:4      | Gained mutation: You are completely attuned to the shadows. [demonic ancestry]
  6326 | D:4      | Reached XP level 7. HP: 37/52 MP: 7/7
  7004 | D:4      | Noticed Dowan
  7008 | D:4      | Noticed Duvessa
  7011 | D:4      | Killed Dowan
  7024 | D:4      | Mangled by Duvessa

Vault maps used:
D:1:      dpeg_arrival_radiant
D:2:      first_bread, uniq_jessica
D:3:      kennysheep_slug_shrine, uniq_ijyb
D:4:      minmay_temple_entry_purple_smoke, serial_shops, shop, uniq_duvessa
Temple:   dpeg_five_rooms_temple

Skill      XL: |  1  2  3  4  5  6 |
---------------+-------------------+-----
Axes           | 3 4 5 6 7 |  7.8
Fighting       | |  3.1
Armour         | |  0.3
Dodging        | |  2.8
Stealth        | |  1.7
Invocations    | |  0.3

Action                   |  1- 3 |  4- 6 |  7- 9 || total
-------------------------+-------+-------+-------++-------
Melee: Hand axe          |   118 |   247 |       ||   365
       War axe           |       |   101 |    22 ||   123
Invok: Heroism           |       |       |     2 ||     2
  Use: Scroll            |     1 |     1 |     5 ||     7
       Potion            |       |     2 |     2 ||     4
 Stab: Sleeping          |     4 |    16 |     2 ||    22
       Distracted        |       |     3 |       ||     3
  Eat: Chunk             |     2 |    14 |     4 ||    20
Armor: Robe              |     7 |       |       ||     7
       Leather armour    |    28 |   111 |     6 ||   145
Dodge: Dodged            |    59 |   201 |    12 ||   272
